 Dungeon Sprint DCSS version 0.31-a0-879-g1609e0ac53 (webtiles) character file.

Game seed: 16846702152519387816

52425 rocky1 the Demonic Blade (level 14, -16/120 HPs)
             Began as a Demonspawn Gladiator on Oct 15, 2023.
             Was the Champion of Qazlal.
             Demolished by a lorocyproca (28 damage)
             ... in the Dungeon (Sprint II: "The Violet Keep of Menkaure").
             The game lasted 00:29:38 (3500 turns).

rocky1 the Demonic Blade (Demonspawn Gladiator)     Turns: 3500, Time: 00:29:39

Health: -16/120    AC: 19    Str: 16    XL:     14   Next: 27%
Magic:  0/28       EV: 19    Int:  9    God:    Qazlal [******]
Gold:   1606       SH: 12    Dex: 26    Spells: 13/13 levels left

rFire   + . .        I - +1 triple sword of Untruth {drain, rC+}
rCold   + + .        (shield currently unavailable)
rNeg    + . .        h - +2 chain mail {rC+}
rPois   .            (helmet restricted)
rElec   +            v - scarf {+Inv}
rCorr   .            N - +3 pair of gauntlets of War {Slay+5}
SInv    .            z - +0 pair of boots
Will    +....        D - amulet of the acrobat
Stlth   +            B - ring of Spring {rElec rF+ rN+ Dex-5}
HPRegen 0.40/turn    r - +6 ring of dexterity
MPRegen 0.42/turn

%: no teleportation, repel missiles, acrobat, clarity, guardian spirit
@: agile
A: horns 2, thin skeletal structure 3, powered by pain 2, magic shield, magic
regeneration, large bone plates 1, clarity, evolution 2
a: Renounce Religion, Evoke Invisibility, Upheaval, Elemental Force, Disaster
Area


You were in the Dungeon.
You worshipped Qazlal.
Qazlal was exalted by your worship.
You visited 1 branch You collected 4782 gold pieces.
You spent 3176 gold pieces at shops.

Inventory:

Hand Weapons
 a - a +0 long sword
 E - a +2 rapier of draining
 I - the +1 triple sword of Untruth (weapon) {drain, rC+}
   (You acquired it in the Dungeon)

   rC+:       It protects you from cold.
Missiles
 e - a javelin
 p - 4 poisoned darts
 V - 2 curare-tipped darts
Armour
 h - a +2 chain mail of cold resistance (worn)
 v - a scarf of invisibility (worn)
 y - a +0 cloak
 z - a +0 pair of boots (worn)
 J - a +1 hat of intelligence
 M - a +0 pair of gloves of hurling
 N - the +3 pair of gauntlets of War (worn) {Slay+5}
   (You acquired it in the Dungeon)

   Slay+5:    It affects your accuracy & damage with ranged weapons and melee
   (+5).
Jewellery
 r - a +6 ring of dexterity (right hand)
 B - the ring of Spring (left hand) {rElec rF+ rN+ Dex-5}
   (You found it in the Dungeon)

   [ring of protection from fire]

   Dex-5:     It affects your dexterity (-5).
   rF+:       It protects you from fire.
   rElec:     It insulates you from electricity.
   rN+:       It protects you from negative energy.
 D - an amulet of the acrobat (around neck)
 K - an amulet of magic regeneration
 O - the ring of Hiby {rF+ Int+5}
   (You found it in the Dungeon)

   [ring of protection from fire]

   Int+5:     It affects your intelligence (+5).
   rF+:       It protects you from fire.
 Q - a +6 ring of intelligence
 T - the ring "Parup" {rElec rPois rCorr Int+3}
   (You bought it in a shop in the Dungeon)

   [ring of resist corrosion]

   Int+3:     It affects your intelligence (+3).
   rElec:     It insulates you from electricity.
   rPois:     It protects you from poison rCorr: It protects you from acid and
   corrosion.
Wands
 A - a wand of flame (7)
 U - a wand of polymorph (11)
Scrolls
 c - a scroll of summoning
 d - a scroll of immolation {unknown}
 g - a scroll of revelation {unknown}
 j - a scroll of fog
 k - a scroll of blinking
 o - a scroll of torment
 q - 2 scrolls of vulnerability {unknown}
 s - a scroll of amnesia {unknown}
 u - 3 scrolls of fear {unknown}
 w - a scroll of enchant armour {unknown}
 R - a scroll of poison {unknown}
Potions
 b - 11 potions of enlightenment
 f - 11 potions of curing
 i - 22 potions of magic
 l - a potion of ambrosia
 m - 3 potions of might
 n - 2 potions of lignification
 t - 2 potions of invisibility
 x - 4 potions of resistance
 C - 24 potions of mutation
 F - a potion of degeneration
 G - 4 potions of heal wounds
 H - 3 potions of cancellation
 P - 2 potions of haste
 S - a potion of attraction {unknown}
Miscellaneous
 L - a tin of tremorstones (2/2)


   Skills:
 - Level 14.2 Fighting
 + Level 23.7 Long Blades
 - Level 4.4 Throwing
 - Level 9.7 Armour
 - Level 9.7 Dodging
 - Level 1.3 Stealth
 - Level 5.7 Shields
 - Level 21.5 Invocations
 + Level 15.9 Evocations


You had 13 spell levels left.
You didn't know any spells.
Your spell library contained the following spells:

 Spells                   Type           Power      Damage    Failure   Level
 Magic Dart               Conj           0%         1d3       97%         1
 Ensorcelled Hibernation  Hex/Ice        0%         N/A       99%         2
 Passwall                 Tmut/Erth      0%         N/A       99%         2
 Searing Ray              Conj           0%         2d4       99%         2
 Dazzling Flash           Conj/Hex       0%         N/A       100%        3
 Ignite Poison            Fire/Tmut/Pois 0%         N/A       100%        3
 Swiftness                Air            0%         N/A       100%        3
 Volatile Blastmotes      Fire/Tloc      0%         2d10      100%        3
 Fulminant Prism          Conj/Hex       0%         3d5       100%        4
 Sticky Flame             Conj/Fire      0%         2d3       100%        4
 Starburst                Conj/Fire      0%         6d3       100%        6
 Ignition                 Fire           0%         3d3       100%        8
 Maxwell's Capacitive Co  Air            0%         ∞         100%        8


Dungeon Overview and Level Annotations

Branches:
Dungeon (1/1)

Altars:
Cheibriados
Dithmenos
Fedhas
Gozag
Hepliaklqana
Kikubaaqudgha
Makhleb
Nemelex Xobeh
Okawaru
Qazlal
Ru
Sif Muna
Trog
Uskayaw
Vehumet
Wu Jian
Xom
Yredelemnul
Jiyva
Lugonu

Shops:
D :[(::*!=![!=[!([[[!*?[![(:!![(:[(

Annotations:
D exclusion: oklob plant


Innate Abilities, Weirdness & Mutations

You have a pair of horns on your head.
You have an unnaturally thin skeletal structure. (Dex +6, Stealth+++)
You sometimes gain power by taking damage.
When hurt, damage is shared between your health and your magic reserves.
You regenerate magic rapidly.
You are partially covered in large bone plates. (SH +4)
You possess an exceptional clarity of mind.
You have great hidden genetic potential.


Message History

You hear a chilling moan.
Deactivating autopickup; reactivate with Ctrl-A.
You slice something like a ripe choko!!!
You headbutt something! Something barely misses you.
Okay, then.
You hit something. Your headbutt misses something.
Okay, then.
You hit something but do no damage. You headbutt something. Something hits you.
You feel your power leaking away.
You closely miss something. Something hits you.
You feel your power leaking away.
You slash something! You headbutt something! Something hits you!
You closely miss something.
You are too injured to fight recklessly!
You are too injured to fight recklessly!
You are too injured to fight recklessly!
You completely miss something. You block something's attack.
Something hits you.
* * * LOW HITPOINT WARNING * * *
You feel your power leaking away.
You slash something! Qazlal accepts your kill.
Reactivating autopickup.
You feel a bit more experienced. Something barely misses you.
Something hits you but does no damage.
Deactivating autopickup; reactivate with Ctrl-A.
You slash something! You headbutt something. You closely miss something.
Something hits you!!
* * * LOW HITPOINT WARNING * * *
You focus on the pain.
You feel agile all of a sudden.
You barely miss something. Something hits you!
* * * LOW HITPOINT WARNING * * *
You feel your power leaking away.
You hit something.
You feel much better. Something barely misses you.
You barely miss something. Something hits you!
* * * LOW HITPOINT WARNING * * *
You completely miss something. You headbutt something! Something hits you!!
You die...

▓▓ ▓▓▓▓▓▓▓▓▓▓ .$ ♣.....♣♣.▓
♣$ ♣...♣.♣♣.▓ ▓▓▓ ♣.
♣♣..♣♣^.♣.▓ ..▓
♣$☼♣{°.♣♣....▓ ▓▓▓▓.▓
♣..^@..♣♣....▓ .▓0..▓
▓▓▓▓▓▓▓▓▓''▓▓▓# .▓▓▓▓▓▓▓▓▓▓
▓▓▓▓▓▓........#
.▓≈≈≈≈§≈≈≈▓▓▓....▓.'§''''.#
|▓▓▓▓▓▓▓▓▓▓▓▓'▓▓.▓.'≈§.≈'.#
|▓[(......▓▓...▓.▓.'≈..≈§.#
}▓....)...▓▓.⌠.▓.▓§'§§.≈'.#
:▓..[..[..▓▓...▓.▓.'≈..≈'.#
#▓...)....▓▓...▓^▓.'≈..§'.#


There were no monsters in sight!

Vanquished Creatures
  2 golden dragons (D)
  A hellephant (D)
  2 sphinxes (D)
  A deep elf master archer (D)
  A deep elf blademaster (D)
  A kraken (D)
  Gastronok (D)
  Kirke (D)
  Roxanne (D)
  2 storm dragons (D)
  A frost giant (D)
  A cacodemon (D)
  A draconian shifter (D)
  A dire elephant (D)
  2 lorocyprocas (D)
  A crystal guardian (D)
  A fire dragon (D)
  A deep elf high priest (D)
  A great orb of eyes (D)
  A yaktaur captain (D)
  An ice dragon (D)
  A boulder beetle (D)
  A centaur warrior (D)
  An iron elemental (D)
  2 hell hogs (D)
  Sonja (D)
  3 sixfirhies (D)
  2 death drakes (D)
  A skeletal warrior (D)
  2 deep trolls (D)
  A glowing orange brain (D)
  An obsidian statue (D)
  3 orc sorcerers (D)
  A harpy (D)
  15 shining eyes (D)
  3 manticores (D)
  An elephant (D)
  An eye of devastation (D)
  A merfolk siren (D)
  2 unseen horrors (D)
  A kobold demonologist (D)
  A yaktaur (D)
  5 polar bears (D)
  A hornet (D)
  18 flying skulls (D)
  3 wyverns (D)
  2 redbacks (D)
  Menkaure (D)
  8 water moccasins (D)
  10 floating eyes (D)
  2 swamp drakes (D)
  3 black bears (D)
  5 necrophages (D)
  4 lava snakes (D)
  A jelly (D)
  An iron imp (D)
  A hell rat (D)
  A spectral adder (D)
  3 worms (D)
  A spectral ball python (D)
  3 tentacles (D)
143 creatures vanquished.

Vanquished Creatures (collateral kills)
  A bone dragon (D)
1 creature vanquished.

Vanquished Creatures (others)
  A boulder beetle (D)
  6 tentacles (D)
7 creatures vanquished.

Grand Total: 151 creatures vanquished

Notes
Turn   | Place    | Note
-------+----------+-------------------------------------------
     0 | D        | rocky1 the Demonspawn Gladiator began the quest for the
                  | Orb.
     0 | D        | Reached XP level 1. HP: 16/16 MP: 1/1
     1 | D        | Noticed a merfolk siren
    17 | D        | Noticed Menkaure
    20 | D        | Killed a merfolk siren
    21 | D        | Reached skill level 5 in Fighting
    21 | D        | Reached skill level 8 in Long Blades
    21 | D        | Gained mutation: You have a somewhat thin skeletal
                  | structure. (Dex +2, Stealth+) [demonic ancestry]
    21 | D        | Reached XP level 2. HP: 18/27 MP: 2/2
    21 | D        | Gained mutation: You regenerate magic rapidly. [demonic
                  | ancestry]
    21 | D        | Reached XP level 3. HP: 22/33 MP: 3/3
    21 | D        | Reached XP level 4. HP: 26/39 MP: 4/4
    21 | D        | Gained mutation: You sometimes gain a little power by
                  | taking damage. [demonic ancestry]
    21 | D        | Reached XP level 5. HP: 30/44 MP: 5/5
    21 | D        | Gained mutation: When hurt, damage is shared between your
                  | health and your magic reserves. [demonic ancestry]
    21 | D        | Reached XP level 6. HP: 34/51 MP: 6/6
    25 | D        | Killed Menkaure
    26 | D        | Reached skill level 1 in Stealth
    33 | D        | Noticed a water moccasin
    43 | D        | Killed a water moccasin
    44 | D        | Found a stormy altar of Qazlal.
    45 | D        | Found a hazy altar of Hepliaklqana.
    45 | D        | Found a sacrificial altar of Ru.
    45 | D        | Found an ornate altar of the Wu Jian Council.
    46 | D        | Found a viscous altar of Jiyva.
    46 | D        | Found a shimmering blue altar of Sif Muna.
    47 | D        | Found a snail-covered altar of Cheibriados.
    47 | D        | Found an ancient bone altar of Kikubaaqudgha.
    47 | D        | Found a shimmering altar of Xom.
    47 | D        | Found a bloodstained altar of Trog.
    48 | D        | Found a shadowy altar of Dithmenos.
    48 | D        | Found a corrupted altar of Lugonu.
    49 | D        | Found a burning altar of Makhleb.
    50 | D        | Found a blossoming altar of Fedhas.
    52 | D        | Found an opulent altar of Gozag.
    52 | D        | Found a basalt altar of Yredelemnul.
    52 | D        | Found a hide-covered altar of Uskayaw.
    52 | D        | Found a sparkling altar of Nemelex Xobeh.
    53 | D        | Found a radiant altar of Vehumet.
    53 | D        | Found an iron altar of Okawaru.
    56 | D        | Became a worshipper of Qazlal Stormbringer
    79 | D        | Noticed a boulder beetle
    79 | D        | Noticed a boulder beetle
    99 | D        | Reached * piety under Qazlal
   100 | D        | Reached skill level 9 in Long Blades
   123 | D        | Reached skill level 1 in Invocations
   128 | D        | Gained mutation: You have a pair of small horns on your
                  | head. [demonic ancestry]
   128 | D        | Reached XP level 7. HP: 44/58 MP: 5/8
   132 | D        | Reached ** piety under Qazlal
   141 | D        | Reached skill level 10 in Long Blades
   141 | D        | Reached skill level 1 in Armour
   197 | D        | Noticed an obsidian statue
   218 | D        | Found Keceiv's Distillery.
   218 | D        | Found Feulen's Distillery.
   218 | D        | Found Mimn's Antique Armour Shoppe.
   218 | D        | Found Tatar's Book Shoppe.
   218 | D        | Found Qinijupt's Magic Scroll Emporium.
   219 | D        | Found Sauwen's Antique Armour Shoppe.
   219 | D        | Found Poplosm's Armour Emporium.
   220 | D        | Found Iheklui's Antique Armour Emporium.
   220 | D        | Found Oxtouq's Jewellery Shoppe.
   220 | D        | Found Zur Sudd's Distillery.
   220 | D        | Noticed a wyvern
   221 | D        | Found Tielumol's Antique Armour Emporium.
   222 | D        | Found Gait's Jewellery Shoppe.
   222 | D        | Found Jolanalu's Distillery.
   222 | D        | Noticed a wyvern
   222 | D        | Noticed an oklob plant
   223 | D        | Found Ginioroh's Antique Weapon Shoppe.
   223 | D        | Found Vuilak's Book Shoppe.
   225 | D        | Noticed a yak
   226 | D        | Noticed a yak
   226 | D        | Noticed a yak
   228 | D        | Noticed a death yak
   241 | D        | Bought a pair of shimmering gloves for 218 gold pieces
   241 | D        | Identified the +0 pair of gloves of Poweam {Harm rElec rF+
                  | Int+3} (You bought it in a shop in the Dungeon)
   266 | D        | Bought a glowing chain mail for 187 gold pieces
   291 | D        | Bought a potion of heal wounds for 65 gold pieces
   291 | D        | Bought a potion of enlightenment for 65 gold pieces
   291 | D        | Bought a potion of enlightenment for 65 gold pieces
   291 | D        | Bought a potion of curing for 39 gold pieces
   291 | D        | Bought a potion of curing for 39 gold pieces
   343 | D        | Noticed a polar bear
   345 | D        | Noticed a hornet
   347 | D        | Killed a polar bear
   348 | D        | Reached skill level 11 in Long Blades
   350 | D        | Noticed a yaktaur
   353 | D        | Killed a hornet
   353 | D        | Reached *** piety under Qazlal
   354 | D        | Reached skill level 5 in Invocations
   354 | D        | Gained mutation: You have a moderately thin skeletal
                  | structure. (Dex +4, Stealth++) [demonic ancestry]
   354 | D        | Reached XP level 8. HP: 52/67 MP: 7/11
   354 | D        | Noticed a polar bear
   354 | D        | Noticed a polar bear
   363 | D        | Killed a yaktaur
   364 | D        | Reached skill level 12 in Long Blades
   368 | D        | Killed a polar bear
   379 | D        | Killed a polar bear
   526 | D        | Noticed a kraken
   531 | D        | Reached **** piety under Qazlal
   532 | D        | Reached skill level 13 in Long Blades
   532 | D        | Reached skill level 1 in Shields
   532 | D        | Reached XP level 9. HP: 72/76 MP: 6/14
   567 | D        | Killed a kraken
   568 | D        | Reached skill level 10 in Fighting
   568 | D        | Reached skill level 14 in Long Blades
   774 | D        | Reached skill level 5 in Armour
   777 | D        | Gained mutation: You have a pair of horns on your head.
                  | [demonic ancestry]
   777 | D        | Reached XP level 10. HP: 73/86 MP: 6/16
   782 | D        | Reached ***** piety under Qazlal
   794 | D        | Reached skill level 10 in Invocations
   801 | D        | Reached skill level 15 in Long Blades
   804 | D        | Noticed a sixfirhy
   835 | D        | Noticed a deep troll
   836 | D        | Noticed a deep troll
   838 | D        | Killed a deep troll
   847 | D        | Killed a deep troll
   977 | D        | Noticed a sphinx
   977 | D        | Noticed a sphinx
   979 | D        | Killed a sphinx
   981 | D        | Killed a sphinx
   982 | D        | Reached XP level 11. HP: 90/96 MP: 11/21
  1186 | D        | Noticed a death drake
  1186 | D        | Noticed a death drake
  1187 | D        | Noticed a crystal guardian
  1189 | D        | Killed a death drake
  1190 | D        | Reached skill level 15 in Invocations
  1193 | D        | Killed a death drake
  1199 | D        | Killed a crystal guardian
  1333 | D        | Noticed an ice dragon
  1345 | D        | Killed an ice dragon
  1358 | D        | Noticed a deep elf master archer
  1361 | D        | Noticed a hell hog
  1361 | D        | Noticed a hell hog
  1364 | D        | Killed a hell hog
  1372 | D        | Killed a hell hog
  1373 | D        | Reached skill level 16 in Long Blades
  1415 | D        | Killed a deep elf master archer
  1504 | D        | Noticed an iron elemental
  1504 | D        | Noticed a great orb of eyes
  1505 | D        | Killed a great orb of eyes
  1505 | D        | Reached ****** piety under Qazlal
  1506 | D        | Reached skill level 5 in Shields
  1506 | D        | Reached XP level 12. HP: 103/106 MP: 15/25
  1509 | D        | Killed an iron elemental
  1589 | D        | Identified the staff of Bloody Death {Fragile rElec Will+
                  | Int+3 Dex+7 Air}
  1590 | D        | Identified the ring of Spring {rElec rF+ rN+ Dex-5}
  1712 | D        | Killed a boulder beetle
  1712 | D        | Killed a boulder beetle
  1871 | D        | Bought a potion of curing for 39 gold pieces
  1873 | D        | Bought a potion of degeneration for 13 gold pieces
  1873 | D        | Bought a potion of invisibility for 104 gold pieces
  1873 | D        | Bought a potion of heal wounds for 65 gold pieces
  1873 | D        | Bought 2 potions of cancellation for 208 gold pieces
  1873 | D        | Bought a potion of curing for 39 gold pieces
  1873 | D        | Bought a potion of curing for 39 gold pieces
  1883 | D        | Bought a scroll of acquirement for 520 gold pieces
  1883 | D        | Acquired the +1 triple sword of Untruth {drain, rC+}
  1893 | D        | Bought a potion of curing for 39 gold pieces
  1893 | D        | Bought a potion of curing for 39 gold pieces
  1893 | D        | Bought 2 potions of enlightenment for 130 gold pieces
  1893 | D        | Bought a potion of curing for 39 gold pieces
  1893 | D        | Bought a potion of curing for 39 gold pieces
  1893 | D        | Bought a potion of heal wounds for 65 gold pieces
  1893 | D        | Bought a potion of heal wounds for 65 gold pieces
  1893 | D        | Bought a potion of curing for 39 gold pieces
  1893 | D        | Bought a potion of resistance for 130 gold pieces
  2004 | D        | Found Elaegaj's Book Shoppe.
  2005 | D        | Found Veafeir's Armour Boutique.
  2053 | D        | Reached skill level 1 in Evocations
  2125 | D        | Noticed Gastronok
  2130 | D        | Killed Gastronok
  2131 | D        | Reached skill level 17 in Long Blades
  2138 | D        | Noticed a dire elephant
  2145 | D        | Killed a dire elephant
  2149 | D        | Reached skill level 18 in Long Blades
  2280 | D        | Identified the +0 plate armour of the Sea {*Corrode rElec
                  | MP-9 Stlth+}
  2307 | D        | Identified the ring of Hiby {rF+ Int+5}
  2318 | D        | Noticed Roxanne
  2348 | D        | Killed Roxanne
  2615 | D        | Noticed a deep elf blademaster
  2622 | D        | Reached skill level 19 in Long Blades
  2623 | D        | Killed a deep elf blademaster
  2682 | D        | Acquired the +3 pair of gauntlets of War {Slay+5}
  2682 | D        | Found the +3 pair of gauntlets of War {Slay+5}
  2842 | D        | Gained mutation: You sometimes gain power by taking damage.
                  | [demonic ancestry]
  2842 | D        | Reached XP level 13. HP: 113/113 MP: 27/27
  2849 | D        | Reached skill level 20 in Long Blades
  2855 | D        | Noticed a bone dragon
  2858 | D        | Noticed Kirke
  2859 | D        | Killed Kirke
  2861 | D        | Noticed a golden dragon
  2863 | D        | Noticed a storm dragon
  2865 | D        | Killed a bone dragon
  2865 | D        | Noticed a cacodemon
  2874 | D        | Killed a golden dragon
  2875 | D        | Noticed a frost giant
  2877 | D        | Killed a storm dragon
  2878 | D        | Reached skill level 21 in Long Blades
  2880 | D        | Gained mutation: You are dopey. (Int -2) [a cacodemon]
  2886 | D        | Killed a frost giant
  2887 | D        | Reached skill level 10 in Evocations
  2887 | D        | Gained mutation: You do not regenerate when monsters are
                  | visible. [a cacodemon]
  2891 | D        | Killed a cacodemon
  3057 | D        | Noticed a fire dragon
  3069 | D        | Killed a fire dragon
  3074 | D        | Gained mutation: You occasionally lose the ability to read
                  | scrolls when taking damage. [a shining eye]
  3088 | D        | Found Odghoigo's Book Emporium.
  3088 | D        | Found Rurphe's Book Shop.
  3088 | D        | Found Rauterchi's Armour Shop.
  3088 | D        | Found Hetats's Assorted Antiques.
  3088 | D        | Found Gyec's Antique Armour Boutique.
  3089 | D        | Found Fituf's Distillery.
  3089 | D        | Found Kedghib's Distillery.
  3089 | D        | Found Osyxeg's Distillery.
  3089 | D        | Found Kewk's Antique Armour Shop.
  3089 | D        | Found Arelak's Weapon Emporium.
  3089 | D        | Found Rinlilij's Assorted Antiques.
  3089 | D        | Found Tunulej's Antique Weapon Shoppe.
  3096 | D        | Bought a potion of haste for 270 gold pieces
  3096 | D        | Bought a scroll labelled ORUAWN IVVUOLE for 27 gold pieces
  3096 | D        | Bought a potion of heal wounds for 135 gold pieces
  3096 | D        | Bought a scroll labelled ANYTWUPS TICO for 27 gold pieces
  3099 | D        | Bought a lumpy inky potion for 27 gold pieces
  3099 | D        | Bought a smoking iron ring for 150 gold pieces
  3099 | D        | Identified the ring "Parup" {rElec rPois rCorr Int+3} (You
                  | bought it in a shop in the Dungeon)
  3102 | D        | Bought a potion of haste for 120 gold pieces
  3102 | D        | Bought a potion of heal wounds for 60 gold pieces
  3148 | D        | Reached skill level 22 in Long Blades
  3156 | D        | Found Nukynux's Antique Weapon Boutique.
  3156 | D        | Found Tishrepn's Armour Shoppe.
  3156 | D        | Found Jiplor's Weapon Emporium.
  3156 | D        | Found Anuweib's Distillery.
  3156 | D        | Noticed a storm dragon
  3163 | D        | Killed a storm dragon
  3169 | D        | Bought a potion of heal wounds for 70 gold pieces
  3177 | D        | Noticed a golden dragon
  3182 | D        | Killed a golden dragon
  3221 | D        | Lost mutation: You occasionally lose the ability to read
                  | scrolls when taking damage. [potion of mutation]
  3221 | D        | Lost mutation: You do not regenerate when monsters are
                  | visible. [potion of mutation]
  3221 | D        | Gained mutation: You are frail. (-10% HP) [potion of
                  | mutation]
  3221 | D        | Gained mutation: Your spells are a little harder to cast,
                  | but a little more powerful. [potion of mutation]
  3222 | D        | Lost mutation: You are dopey. (Int -2) [potion of mutation]
  3222 | D        | Lost mutation: You are frail. (-10% HP) [potion of
                  | mutation]
  3222 | D        | Lost mutation: Your spells are a little harder to cast, but
                  | a little more powerful. [potion of mutation]
  3222 | D        | Gained mutation: Your muscles are strong. (Str +4, Int/Dex
                  | -1) [potion of mutation]
  3222 | D        | Gained mutation: You expend magic power (3 MP) to
                  | strengthen your wands. [potion of mutation]
  3223 | D        | Lost mutation: Your muscles are strong. (Str +4, Int/Dex
                  | -1) [potion of mutation]
  3223 | D        | Lost mutation: You expend magic power (3 MP) to strengthen
                  | your wands. [potion of mutation]
  3223 | D        | Gained mutation: Your muscles are strong. (Str +4, Int/Dex
                  | -1) [potion of mutation]
  3223 | D        | Gained mutation: Your muscles are very strong. (Str +8,
                  | Int/Dex -2) [potion of mutation]
  3224 | D        | Lost mutation: Your muscles are very strong. (Str +8,
                  | Int/Dex -2) [potion of mutation]
  3224 | D        | Lost mutation: Your muscles are strong. (Str +4, Int/Dex
                  | -1) [potion of mutation]
  3224 | D        | Gained mutation: Your mind is acute. (Int +4, Str/Dex -1)
                  | [potion of mutation]
  3224 | D        | Gained mutation: You expend magic power (3 MP) to
                  | strengthen your wands. [potion of mutation]
  3225 | D        | Lost mutation: You expend magic power (3 MP) to strengthen
                  | your wands. [potion of mutation]
  3225 | D        | Lost mutation: Your mind is acute. (Int +4, Str/Dex -1)
                  | [potion of mutation]
  3225 | D        | Gained mutation: You are partially covered in large bone
                  | plates. (SH +4) [potion of mutation]
  3225 | D        | Gained mutation: Your natural rate of healing is unusually
                  | fast. [potion of mutation]
  3225 | D        | Gained mutation: You expend magic power (3 MP) to
                  | strengthen your wands. [potion of mutation]
  3272 | D        | Noticed Sonja
  3272 | D        | Noticed a hellephant
  3281 | D        | Noticed a purple draconian shifter
  3292 | D        | Killed a purple draconian shifter
  3300 | D        | Killed a hellephant
  3304 | D        | Killed Sonja
  3305 | D        | Gained mutation: You have an unnaturally thin skeletal
                  | structure. (Dex +6, Stealth+++) [demonic ancestry]
  3305 | D        | Reached XP level 14. HP: 78/120 MP: 18/28
  3363 | D        | Gained mutation: You are dopey. (Int -2) [a shining eye]
  3363 | D        | Gained mutation: You occasionally shout uncontrollably at
                  | your foes. [a shining eye]
  3363 | D        | Paralysed by a floating eye for 2 turns
  3364 | D        | Gained mutation: Your magical capacity is low. (-10% MP) [a
                  | shining eye]
  3365 | D        | Gained mutation: Potions are less effective at restoring
                  | your health. [a shining eye]
  3366 | D        | Reached skill level 23 in Long Blades
  3366 | D        | Gained mutation: You are clumsy. (Dex -2) [a shining eye]
  3367 | D        | Reached skill level 15 in Evocations
  3367 | D        | Gained mutation: You are very dopey. (Int -4) [a shining
                  | eye]
  3391 | D        | Lost mutation: You are clumsy. (Dex -2) [potion of
                  | mutation]
  3391 | D        | Lost mutation: Potions are less effective at restoring your
                  | health. [potion of mutation]
  3391 | D        | Gained mutation: You have sharp fingernails. [potion of
                  | mutation]
  3391 | D        | Gained mutation: Your spells are a little harder to cast,
                  | but a little more powerful. [potion of mutation]
  3391 | D        | Gained mutation: You are strong-willed. (Will+) [potion of
                  | mutation]
  3392 | D        | Lost mutation: Your magical capacity is low. (-10% MP)
                  | [potion of mutation]
  3392 | D        | Lost mutation: Your spells are a little harder to cast, but
                  | a little more powerful. [potion of mutation]
  3392 | D        | Lost mutation: You are partially covered in large bone
                  | plates. (SH +4) [potion of mutation]
  3392 | D        | Gained mutation: You have a pair of large horns on your
                  | head. [potion of mutation]
  3392 | D        | Gained mutation: You have sharp toenails. [potion of
                  | mutation]
  3393 | D        | Lost mutation: Your natural rate of healing is unusually
                  | fast. [potion of mutation]
  3393 | D        | Lost mutation: You have sharp toenails. [potion of
                  | mutation]
  3393 | D        | Lost mutation: You are strong-willed. (Will+) [potion of
                  | mutation]
  3393 | D        | Lost mutation: You are very dopey. (Int -4) [potion of
                  | mutation]
  3393 | D        | Gained mutation: Your spells are a little harder to cast,
                  | but a little more powerful. [potion of mutation]
  3394 | D        | Lost mutation: You occasionally shout uncontrollably at
                  | your foes. [potion of mutation]
  3394 | D        | Lost mutation: You have sharp fingernails. [potion of
                  | mutation]
  3394 | D        | Gained mutation: You have large cloven feet. [potion of
                  | mutation]
  3394 | D        | Gained mutation: You are vulnerable to cold. (rC-) [potion
                  | of mutation]
  3395 | D        | Lost mutation: You have a pair of large horns on your head.
                  | [potion of mutation]
  3395 | D        | Lost mutation: You have large cloven feet. [potion of
                  | mutation]
  3395 | D        | Gained mutation: You are weak. (Str -2) [potion of
                  | mutation]
  3396 | D        | Lost mutation: You expend magic power (3 MP) to strengthen
                  | your wands. [potion of mutation]
  3396 | D        | Lost mutation: You are vulnerable to cold. (rC-) [potion of
                  | mutation]
  3396 | D        | Lost mutation: Your spells are a little harder to cast, but
                  | a little more powerful. [potion of mutation]
  3396 | D        | Gained mutation: Armour fits poorly on your strangely
                  | shaped body. [potion of mutation]
  3396 | D        | Lost mutation: You are weak. (Str -2) [potion of mutation]
  3397 | D        | Lost mutation: You are dopey. (Int -2) [potion of mutation]
  3397 | D        | Lost mutation: Armour fits poorly on your strangely shaped
                  | body. [potion of mutation]
  3397 | D        | Gained mutation: You possess an exceptional clarity of
                  | mind. [potion of mutation]
  3397 | D        | Gained mutation: You have hidden genetic potential. [potion
                  | of mutation]
  3397 | D        | Gained mutation: You have great hidden genetic potential.
                  | [potion of mutation]
  3397 | D        | Gained mutation: You are partially covered in large bone
                  | plates. (SH +4) [potion of mutation]
  3415 | D        | Identified the +0 robe of Qeililuk {Str+3 Int+3}
  3496 | D        | HP: 5/120 [something (7)]
  3500 | D        | Demolished by a lorocyproca

Illustrated notes

Levels and vault maps discovered:
D:        the_violet_keep_of_menkaure [sprint2_stairs_cluster_1,
          sprint2_shoproom, sprint2_temple, sprint2_basic_supplies,
          sprint2_obstacle_5, sprint2_obstacle_1, sprint2_obstacle_3,
          sprint2_obstacle_2, sprint2_obstacle_6, sprint2_timed_cluster_1,
          sprint2_smallroom_cluster_1, sprint2_smallroom_final_cluster_1,
          sprint2_transparent_cluster_1, sprint2_second_timed_cluster_1,
          sprint2_sniper_area_1, sprint2_heavy_combat_area_1,
          sprint2_mutation_trap_area_1, sprint2_forest_area_1,
          sprint2_light_combat_area_1, sprint2_behind_water_1,
          sprint2_near_end_vault_1]

Skill      XL: |  1  2  3  4  5  6  7  8  9 10 11 12 13 14 |
---------------+-------------------------------------------+-----
Fighting       | 5 6 7 9 10 12 13 14 | 14.2
Long Blades    | 8 9 11 13 14 15 16 19 22 23 | 23.7
Throwing       | 4 |  4.4
Dodging        | 7 8 9 |  9.7
Stealth        | 1 |  1.3
Invocations    | 2 5 7 9 14 19 21 | 21.5
Armour         | 2 3 5 7 9 |  9.7
Shields        | 1 2 3 5 |  5.7
Evocations     | 2 13 15 | 15.9

Action                     |  1- 3 |  4- 6 |  7- 9 | 10-12 | 13-15 || total
---------------------------+-------+-------+-------+-------+-------++-------
  Melee: Long sword        |    15 |    38 |    50 |    77 |       ||   180
         Punch             |       |     1 |     1 |       |       ||     2
         Headbutt          |       |       |    18 |    42 |    30 ||    90
         Triple sword      |       |       |       |    70 |   117 ||   187
  Throw: Throwing net      |     2 |     2 |       |       |       ||     4
 Invoke: Upheaval          |       |       |     8 |    26 |     2 ||    36
         Disaster Area     |       |       |       |     2 |     1 ||     3
         Elemental Force   |       |       |       |       |     1 ||     1
  Evoke: Tin of tremorston |       |       |       |       |     4 ||     4
    Use: Potion            |     1 |       |     3 |     3 |    21 ||    28
         Scroll            |       |       |       |    11 |       ||    11
   Stab: Held in net/web   |     1 |     1 |       |       |       ||     2
         Distracted        |       |       |       |       |     1 ||     1
 Armour: Leather armour    |     1 |    10 |     5 |       |       ||    16
         Chain mail        |       |       |    55 |   111 |    79 ||   245
  Dodge: Dodged            |       |    11 |    35 |    61 |    64 ||   171
         Repelled          |       |       |       |     6 |     2 ||     8
  Block: Other             |       |       |    12 |    40 |    37 ||    89

Table legend: (Time is in decaauts)
 A = Elapsed time spent in this place.
 B = Non-inter-level travel time spent in this place.
 C = Inter-level travel time spent in this place.
 D = Time resting spent in this place.
 E = Time spent auto-exploring this place.
 F = Levels seen in this place.
 G = Mean time per level.
                   A        B        C        D        E       F      G
               +--------+--------+--------+--------+--------+-----+--------+
         Total |   3643 |   3556 |     87 |   1485 |      0 |   1 | 3643.0 |
       Dungeon |   3643 |   3556 |     87 |   1485 |      0 |   1 | 3643.0 |
               +--------+--------+--------+--------+--------+-----+--------+

Top non-repeatable levels by time:
       D: 3643 daAuts
